 Seeded DCSS version 0.30-a0-250-g41c1d76940 (webtiles) character file.

Game seed: 14962606401397761921 (custom seed)

81769 purpskrrrp the Unseen (level 16, -6/120 (134) HPs)
             Began as a Formicid Hunter on Oct 12, 2022.
             Was an Initiate of Gozag.
             Mangled by Snorg (11 damage)
             ... on level 2 of the Orcish Mines.
             The game lasted 00:50:09 (18505 turns).

purpskrrrp the Unseen (Formicid Hunter)            Turns: 18505, Time: 00:50:09

HP:   -6/120 (134)  AC: 15    Str: 21    XL:     16   Next: 19%
MP:   16/16         EV: 23    Int: 18    God:    Gozag
Gold: 1184          SH: 20    Dex: 30    Spells: 15/15 levels left

rFire   . . .      SeeInvis +    M - +9 sling of Wu Jian's Generosity {flame, Fragile rElec Dex+3 Stlth+}
rCold   + . .      Faith    .    D - +0 tower shield {rC+}
rNeg    + . .      Spirit   .    X - +4 Cigotuvi's embrace {rMiasma Drain rN+}
rPois   .          Reflect  .    (helmet unavailable)
rElec   +          Harm     .    c - +0 cloak
rCorr   .          Rampage  +    y - +3 pair of gauntlets of War {Slay+5}
Will    +....                    G - +2 pair of boots {rampage}
Stlth   ++++++++..               n - amulet of regeneration
HPRegen 1.20/turn                U - +6 ring of strength
MPRegen 0.15/turn                V - ring of Mutualism {Int+6 Dex+4}

@: heavily drained
A: permanent stasis, dig shafts and tunnels, antennae 3, four strong arms
a: Dig, Shaft Self, Renounce Religion, Potion Petition, Call Merchant, Bribe
Branch


You were on level 2 of the Orcish Mines.
You worshipped Gozag.
Gozag was most pleased with you.
You visited 3 branches of the dungeon, and saw 22 of its levels.
You also visited: Ice Cave.

You collected 7561 gold pieces.
You spent 2970 gold pieces at shops.
You paid 3407 gold pieces to Gozag.

Inventory:

Hand Weapons
 M - the +9 sling of Wu Jian's Generosity (weapon) {flame, Fragile rElec Dex+3 Stlth+}
   (You found it on level 10 of the Dungeon)

   Any ammunition fired from it burns those it strikes, dealing additional fire
   damage.
   Dex:       It affects your dexterity (+3).
   rElec:     It insulates you from electricity.
   Fragile:   It will be destroyed if unequipped.
   Stlth:     It makes you more stealthy.
Armour
 c - a +0 cloak (worn)
 y - the +3 pair of gauntlets of War (worn) {Slay+5}
   (You acquired it on level 8 of the Dungeon)

   Slay:      It affects your accuracy & damage with ranged weapons and melee
   (+5).
 D - a +0 tower shield of cold resistance (worn)
 G - a +2 pair of boots of rampaging (worn)
 X - the +4 Cigotuvi's embrace (worn) {rMiasma Drain rN+}
   (You bought it in a shop on level 5 of the Lair of Beasts)

   It gathers nearby corpses to temporarily increase the armour it provides.
   It protects you from foul pestilence.
   rN:        It protects you from negative energy.
   Drain:     It drains your maximum health when unequipped.
Jewellery
 g - a ring of protection from cold
 l - a +4 ring of protection
 n - an amulet of regeneration (around neck)
 x - an amulet of guardian spirit
 J - a ring of poison resistance
 U - a +6 ring of strength (left hand)
 V - the ring of Mutualism (right hand) {Int+6 Dex+4}
   (You acquired it on level 5 of the Lair of Beasts)

   [ring of intelligence]

   Int:       It affects your intelligence (+6).
   Dex:       It affects your dexterity (+4).
Wands
 p - a wand of polymorph (4)
 u - a wand of charming (32)
 v - a wand of roots (17)
 B - a wand of flame (24)
 L - a wand of digging (4)
 N - a wand of mindburst (9)
 T - a wand of acid (6)
Scrolls
 b - 3 scrolls of immolation
 f - 5 scrolls of enchant weapon
 q - 4 scrolls of poison
 E - 3 scrolls of amnesia
 F - 2 scrolls of summoning
 I - 4 scrolls of fog
 P - 3 scrolls of magic mapping
 R - 2 scrolls of silence
Potions
 h - 2 potions of flight
 i - 4 potions of resistance
 j - 8 potions of curing
 m - 3 potions of might
 r - 6 potions of mutation
 s - a potion of cancellation
 t - 5 potions of brilliance
 z - 3 potions of ambrosia
 C - 7 potions of invisibility
 Z - a potion of heal wounds
Miscellaneous
 a - a condenser vane


   Skills:
 + Level 14.3 Fighting
 + Level 15.1 Ranged Weapons
 + Level 12.2 Dodging
 + Level 16.7 Stealth
 * Level 9.7 Shields


You had 15 spell levels left.
You didn't know any spells.
Your spell library contained the following spells:

 Spells                   Type           Power      Damage    Failure   Level
 Apportation              Tloc           0%         N/A       71%         1
 Beastly Appendage        Tmut           0%         N/A       71%         1
 Magic Dart               Conj           0%         1d3       71%         1
 Necrotise                Necr           0%         1d4       71%         1
 Summon Small Mammal      Summ           0%         N/A       71%         1
 Call Imp                 Summ           0%         N/A       85%         2
 Wereblood                Tmut           0%         N/A       85%         2
 Frozen Ramparts          Ice            0%         1d1       97%         3
 Gell's Gravitas          Tloc           0%         N/A       97%         3
 Ignite Poison            Fire/Tmut/Pois 0%         N/A       97%         3
 Lesser Beckoning         Tloc           0%         N/A       97%         3
 Mephitic Cloud           Conj/Pois/Air  0%         N/A       97%         3
 Ozocubu's Armour         Ice            0%         N/A       97%         3
 Spider Form              Tmut/Pois      0%         N/A       97%         3
 Stone Arrow              Conj/Erth      0%         3d7       97%         3
 Teleport Other           Tloc           0%         N/A       97%         3
 Airstrike                Air            0%         2d(0-16)  100%        4
 Animate Armour           Summ/Erth      0%         N/A       100%        4
 Ice Form                 Ice/Tmut       0%         N/A       100%        4
 Sticky Flame             Conj/Fire      0%         2d3       100%        4
 Summon Ice Beast         Ice/Summ       0%         N/A       100%        4
 Summon Lightning Spire   Summ/Air       0%         N/A       100%        4
 Lightning Bolt           Conj/Air       0%         1d11      100%        5
 Metabolic Englaciation   Hex/Ice        0%         N/A       100%        5
 Dispersal                Tloc           0%         N/A       100%        6
 Ignition                 Fire           0%         3d3       100%        8
 Lehudib's Crystal Spear  Conj/Erth      0%         10d2      100%        8
 Simulacrum               Ice/Necr       Unusable   N/A       N/A         6

Dungeon Overview and Level Annotations

Branches:
Dungeon (15/15)            Temple (0/1) D:4            Lair (5/5) D:9
  Swamp (0/4) Lair:2        Snake (0/4) Lair:3        Slime (0/5) Lair:5
    Orc (2/2) D:10            Elf (0/3) Orc:2        Vaults (0/5) D:14
 Depths (0/4) D:15          IceCv (visited)

Altars:
Fedhas
Gozag
Uskayaw
Yredelemnul
Jiyva

Shops:
D:5 !   D:9 :!*   D:15 *[   Orc:1 ([   Orc:2 [(   Lair:5 *(

Portals:
Trove: D:11 (give 8 scrolls of fog)

Annotations:
D:14 2 transporters, Hiex's ghost, journeyman OpFi
Lair:3 2 transporters, hellse's ghost, journeyman GnTm
Orc:2 Donald; Snorg


Innate Abilities, Weirdness & Mutations

You cannot be hasted, slowed, berserked, paralysed or teleported.
You can dig through walls and to a lower floor.
You have a pair of large antennae on your head. (SInv)
Your four strong arms can wield two-handed weapons with a shield.


Message History

An orc comes into view. It is wielding a +0 flail.
You block the orc warrior's attack.
Donald hits you with a +4 eveningstar of draining!!!
* * * LOW HITPOINT WARNING * * *
You partially resist.
You feel drained.
* * * LOW HITPOINT WARNING * * *
You hear a shout! x3; The orc shouts!
You hear a shout!
You are too injured to fight recklessly!
You are too injured to fight recklessly!
You are too injured to fight recklessly!
You are too injured to fight recklessly!
You are too injured to fight recklessly!
You are too injured to fight recklessly!
You are too injured to fight recklessly!
You are too injured to fight recklessly!
You are too injured to fight recklessly!
You are too injured to fight recklessly!
You are too injured to fight recklessly!
You are too injured to fight recklessly!
You are too injured to fight recklessly!
You are too injured to fight recklessly!
You are too injured to fight recklessly!
You are too injured to fight recklessly!
You are too injured to fight recklessly!
You are too injured to fight recklessly!
You are too injured to fight recklessly!
You are too injured to fight recklessly!
You feel much better. You block Snorg's attack. Snorg claws you!
* * * LOW HITPOINT WARNING * * *
You block Snorg's attack. Donald misses you. The orc warrior barely misses you.
Snorg bites you!
* * * LOW HITPOINT WARNING * * *
Snorg claws you but does no damage. You block Snorg's attack.
As you read the scroll of fear, it crumbles to dust.
You assume a fearsome visage.
Snorg is unaffected.
Donald easily resists.
The orc warrior looks frightened!
The orc looks frightened!
The orc wizard looks frightened!
You block Donald's attack. Snorg barely misses you. Snorg claws you!
You die...
Your body crumbles into a pile of gold.

.##....###.....
........#........##.#
.........#.# #.$#.##
........##.# { #.....#
.........#.# {{#.....#
...........# {{+.....#
...........#####...#.##∩
........................
................@@o.<.o#
.................T...o..
........................
...............#########
...............# {
.........#.....# { { {
...............#
.........<.....#
...............# {


You could see Snorg (berserk), Donald (fast, strong), an orc warrior (fleeing),
an orc wizard (fleeing) and an orc (fleeing).

Vanquished Creatures
  Kirke (D:12)
  The ghost of Daelid the Impaler, a journeyman MfGl of Yredelemnul (Lair:4)
  A fire dragon (D:15)
  2 ice dragons
  13 hydras
  3 centaur warriors
  Erolcha (D:10)
  A merfolk avatar (Lair:5)
  2 dancing weapons (D:14)
  4 boulder beetles
  2 two-headed ogres (D:12)
  Urug (Lair:4)
  A glowing orange brain (shapeshifter) (D:15)
  4 skeletal warriors (D:14)
  2 sea snakes (Lair:5)
  A deep elf zephyrmancer (Orc:1)
  A wizard (D:15)
  A harpy (Lair:5)
  An orc knight (Orc:1)
  A deep elf pyromancer (Orc:1)
  An ugly thing (D:15)
  5 orc sorcerers
  3 manticores
  2 cyclopes
  4 black mambas
  17 elephants
  A torpor snail (Lair:5)
  Joseph (Lair:1)
  2 ice statues (IceCv)
  15 cane toads
  2 gargoyles
  Maggie (D:7)
  9 rime drakes
  2 unseen horrors
  8 komodo dragons
  A kobold demonologist (D:14)
  A yaktaur (D:15)
  2 efreet
  2 guardian mummies (D:11)
  A tengu conjurer (D:15)
  2 freezing wraiths (D:15)
  A tyrant leech (Lair:2)
  3 hornets
  3 meliai (D:14)
  7 trolls
  4 polar bears (Lair:5)
  13 slime creatures
  2 wind drakes (Lair:5)
  10 blink frogs
  A snapping turtle (Lair:5)
  5 dream sheep (Lair:5)
  3 shadows
  Sigmund (D:5)
  3 wyverns
  2 hogs (D:12)
  43 yaks
  A vampire (D:11)
  4 wraiths
  A hog (shapeshifter) (D:15)
  A basilisk (shapeshifter) (D:15)
  4 steam dragons
  12 vampire mosquitoes
  3 acid dragons
  4 nagas (Lair:3)
  13 water moccasins
  A swamp drake (Orc:1)
  15 orc warriors
  A black bear (D:8)
  2 ogres
  3 wolves (Lair:3)
  6 centaurs
  6 phantoms
  3 kobold brigands
  2 scorpions
  7 bullfrogs
  A necrophage (D:5)
  A gnoll sergeant (D:9)
  15 wights
  A lindwurm simulacrum (IceCv)
  4 killer bees (D:10)
  6 howler monkeys
  10 electric eels
  A crimson imp (Orc:1)
  5 hounds
  A jelly (D:5)
  7 komodo dragon simulacra (IceCv)
  9 orc priests
  An iron imp (Orc:1)
  Ijyb (D:5)
  4 iguanas
  15 orc wizards
  8 ogre zombies (D:10)
  A boggart simulacrum (D:14)
  Robin (D:3)
  10 gnolls
  6 acid dragon simulacra (IceCv)
  6 adders
  2 shadow imps
  3 white imps
  2 ufetubi
  7 steam dragon simulacra (IceCv)
  4 worms
  2 dart slugs
  58 orcs
  7 ball pythons
  8 endoplasms
  4 giant cockroaches
  6 goblins
  5 hobgoblins
  18 kobolds
  5 quokkas
  4 bats
  A frilled lizard (D:2)
  2 goblin skeletons (D:10)
  3 goblin zombies (D:10)
  4 hobgoblin zombies (D:10)
  3 orc skeletons (D:10)
  13 orc zombies (D:10)
  23 rats
  A bush (D:7)
615 creatures vanquished.

Vanquished Creatures (collateral kills)
  Jorgrun (D:15)
  2 ugly things (D:15)
  A tengu conjurer (D:15)
4 creatures vanquished.

Vanquished Creatures (others)
  A human (D:12)
  A killer bee (D:10)
  13 fungi
  29 plants
44 creatures vanquished.

Grand Total: 663 creatures vanquished

Notes
Turn   | Place    | Note
-------+----------+-------------------------------------------
     0 | D:1      | purpskrrrp the Formicid Hunter began the quest for the Orb.
     0 | D:1      | Reached XP level 1. HP: 16/16 MP: 1/1
   115 | D:1      | Reached XP level 2. HP: 22/22 MP: 2/2
   454 | D:1      | Identified a scroll of acquirement
   454 | D:1      | Acquired the +4 shortbow "Otywef" {vorpal, rPois rF+ Str+3}
   544 | D:2      | Reached XP level 3. HP: 27/27 MP: 3/3
  1013 | D:3      | Reached skill level 5 in Ranged Weapons
  1026 | D:3      | Reached XP level 4. HP: 33/33 MP: 4/4
  1058 | D:3      | Reached XP level 5. HP: 25/38 MP: 5/5
  1192 | D:3      | Found a faded altar of an unknown god.
  1472 | D:3      | Noticed Robin
  1475 | D:3      | Reached XP level 6. HP: 42/44 MP: 6/6
  1484 | D:3      | Killed Robin
  2044 | D:3      | Prayed at the altar of an unknown god.
  2044 | D:3      | Became a worshipper of Gozag Ym Sagoz the Greedy
  2146 | D:4      | Found a staircase to the Ecumenical Temple.
  2149 | D:4      | Noticed an ogre
  2152 | D:4      | Killed an ogre
  2256 | D:4      | Reached XP level 7. HP: 50/50 MP: 7/7
  2277 | D:4      | Found a hide-covered altar of Uskayaw.
  2664 | D:5      | Entered Level 5 of the Dungeon
  2803 | D:5      | Noticed Sigmund
  2815 | D:5      | Reached skill level 2 in Stealth
  2826 | D:5      | Killed Sigmund
  2827 | D:5      | Reached skill level 3 in Stealth
  2827 | D:5      | Reached XP level 8. HP: 44/58 MP: 8/8
  3014 | D:5      | Found Peheniohi's Distillery.
  3019 | D:5      | Bought a potion of resistance for 120 gold pieces
  3019 | D:5      | Bought a potion of curing for 36 gold pieces
  3019 | D:5      | Bought a potion of heal wounds for 60 gold pieces
  3019 | D:5      | Bought a potion of curing for 36 gold pieces
  3019 | D:5      | Bought a potion of mutation for 96 gold pieces
  3149 | D:5      | Found a basalt altar of Yredelemnul.
  3164 | D:5      | Found an opulent altar of Gozag.
  3251 | D:5      | Reached skill level 4 in Stealth
  3386 | D:5      | Noticed Ijyb
  3392 | D:5      | Killed Ijyb
  4193 | D:7      | Reached skill level 5 in Stealth
  4193 | D:7      | Reached XP level 9. HP: 59/66 MP: 9/9
  4402 | D:7      | Noticed Maggie
  4412 | D:7      | Killed Maggie
  4413 | D:7      | Reached skill level 5 in Fighting
  4861 | D:8      | Reached skill level 6 in Stealth
  5092 | D:8      | Reached skill level 5 in Dodging
  5183 | D:8      | Reached skill level 7 in Stealth
  5208 | D:8      | Reached XP level 10. HP: 36/70 MP: 10/10
  5347 | D:8      | Acquired the +3 pair of gauntlets of War {Slay+5}
  5347 | D:8      | Found the +3 pair of gauntlets of War {Slay+5}
  5592 | D:9      | Noticed an unseen horror
  5599 | D:9      | Killed an unseen horror
  5600 | D:9      | Reached skill level 10 in Ranged Weapons
  5801 | D:9      | Reached skill level 8 in Stealth
  5894 | D:9      | Found a staircase to the Lair.
  6162 | D:9      | Found Bijesip's Distillery.
  6165 | D:9      | Found Maxaum's Book Emporium.
  6209 | D:9      | Found Cucvi's General Store.
  6232 | D:9      | Bought a scroll of fear for 60 gold pieces
  6232 | D:9      | Bought a potion of curing for 45 gold pieces
  6232 | D:9      | Bought a potion of degeneration for 15 gold pieces
  6232 | D:9      | Bought a potion of heal wounds for 75 gold pieces
  6232 | D:9      | Bought a scroll of identify for 30 gold pieces
  6232 | D:9      | Bought 2 scrolls of fog for 120 gold pieces
  6255 | D:9      | Bought a potion of curing for 45 gold pieces
  6255 | D:9      | Bought a potion of brilliance for 60 gold pieces
  6377 | D:10     | Entered Level 10 of the Dungeon
  6414 | D:10     | Found a staircase to the Orcish Mines.
  6572 | D:10     | Reached skill level 9 in Stealth
  6709 | D:10     | Reached XP level 11. HP: 86/86 MP: 11/11
  6771 | D:10     | Noticed Erolcha
  6778 | D:10     | Killed Erolcha
  6931 | D:10     | Identified the +9 sling of Wu Jian's Generosity {flame,
                  | Fragile rElec Dex+3 Stlth+}
  7065 | D:10     | Reached skill level 10 in Stealth
  7460 | D:11     | Noticed a cyclops
  7467 | D:11     | Killed a cyclops
  7568 | D:11     | Found a portal to a secret trove of treasure.
  8049 | D:12     | Reached skill level 11 in Stealth
  8063 | D:12     | Reached XP level 12. HP: 96/96 MP: 12/12
  8108 | D:12     | Noticed a two-headed ogre
  8112 | D:12     | Killed a two-headed ogre
  8246 | D:12     | Noticed a two-headed ogre
  8251 | D:12     | Killed a two-headed ogre
  8252 | D:12     | Reached skill level 10 in Fighting
  8340 | D:12     | Noticed Kirke
  8351 | D:12     | Noticed a boulder beetle
  8488 | Lair:1   | Entered Level 1 of the Lair of Beasts
  8649 | Lair:1   | Reached skill level 12 in Stealth
  8708 | Lair:1   | Noticed Joseph
  8713 | Lair:1   | Killed Joseph
  9355 | Lair:2   | Identified the +1 leather armour of the Pleiades {Rampage
                  | Int+2}
  9722 | Lair:2   | Noticed a five-headed hydra
  9726 | Lair:2   | Noticed a five-headed hydra
  9734 | Lair:2   | Killed a five-headed hydra
  9735 | Lair:2   | Reached XP level 13. HP: 92/106 MP: 13/13
  9736 | Lair:2   | Killed a five-headed hydra
  9777 | Lair:2   | Found a staircase to the Swamp.
 10096 | Lair:3   | Reached skill level 13 in Stealth
 10473 | Lair:3   | Found a transporter.
 10473 | Lair:3   | Noticed a six-headed hydra
 10474 | Lair:3   | Noticed a five-headed hydra
 10476 | Lair:3   | Noticed hellse's ghost (journeyman GnTm)
 10478 | Lair:3   | Found a transporter.
 10485 | Lair:3   | Found a staircase to the Snake Pit.
 11270 | Lair:4   | Noticed Urug
 11280 | Lair:4   | Killed Urug
 11321 | Lair:4   | Reached skill level 10 in Dodging
 11481 | Lair:4   | Reached skill level 14 in Stealth
 11732 | Lair:4   | Reached skill level 1 in Shields
 11879 | Lair:4   | Reached XP level 14. HP: 115/115 MP: 14/14
 11962 | Lair:4   | Found a runed translucent gate.
 11962 | Lair:4   | Found a runed translucent gate.
 11962 | Lair:4   | Found a runed translucent gate.
 11962 | Lair:4   | Noticed Daelid's ghost (journeyman MfGl)
 12426 | Lair:5   | Entered Level 5 of the Lair of Beasts
 13012 | Lair:5   | Found a viscous altar of Jiyva.
 13013 | Lair:5   | Found a staircase to the Slime Pits.
 13037 | Lair:5   | Reached skill level 5 in Shields
 13106 | Lair:5   | Reached skill level 15 in Stealth
 13169 | Lair:5   | Bought a pitted sling for 273 gold pieces
 13169 | Lair:5   | Identified the +2 sling of the Antique God {vorpal, rPois
                  | rC- rN++ rCorr} (You bought it in a shop on level 5 of the
                  | Lair of Beasts)
 13169 | Lair:5   | Bought the +4 Cigotuvi's embrace {rMiasma Drain rN+} for
                  | 1159 gold pieces
 13169 | Lair:5   | Found the +4 Cigotuvi's embrace {rMiasma Drain rN+}
 13169 | Lair:5   | Bought a scroll of identify for 84 gold pieces
 13169 | Lair:5   | Bought a scroll labelled GIVYAMN LAOCS for 42 gold pieces
 13185 | Lair:5   | Acquired the ring of Mutualism {Int+6 Dex+4}
 13997 | Lair:4   | Killed Daelid's ghost
 14193 | D:12     | Killed Kirke
 14528 | D:13     | Reached XP level 15. HP: 124/124 MP: 15/15
 15297 | D:14     | Found a blossoming altar of Fedhas.
 15431 | D:14     | Found a transporter.
 15433 | D:14     | Noticed a shadow dragon
 15434 | D:14     | Noticed Hiex's ghost (journeyman OpFi)
 15448 | D:14     | Found a transporter.
 15632 | D:14     | Reached skill level 16 in Stealth
 15816 | D:14     | Found a gate to the Vaults.
 15964 | D:15     | Entered Level 15 of the Dungeon
 16320 | D:15     | Found a staircase to the Depths.
 16606 | D:15     | Found Uvyleomp's CLEARANCE SALE!.
 16647 | D:15     | Noticed Jorgrun
 16669 | D:15     | Killed Jorgrun
 16931 | D:15     | Bought a smelly ring mail for 324 gold pieces
 16931 | D:15     | Identified the +1 ring mail of the Cockroach {Int+4} (You
                  | bought it in a shop on level 15 of the Dungeon)
 16996 | Orc:1    | Entered Level 1 of the Orcish Mines
 17019 | Orc:1    | Reached skill level 15 in Ranged Weapons
 17098 | Orc:1    | Found a frozen archway.
 17107 | Orc:1    | Reached XP level 16. HP: 113/133 MP: 16/16
 17115 | IceCv    | Entered an ice cave
 17308 | IceCv    | Identified the ring of Lywn {Ice rPois}
 17474 | IceCv    | Identified the ring of Kuodogh {*Corrode rPois AC+4 Int+4}
 17742 | Orc:1    | Found Nafemiho's Antique Weapon Emporium.
 18261 | Orc:1    | Bought a pair of runed boots for 187 gold pieces
 18288 | Orc:2    | Entered Level 2 of the Orcish Mines
 18397 | Orc:2    | Found Cuyr's Antique Armour Emporium.
 18408 | Orc:2    | Bought a cloak for 103 gold pieces
 18452 | Orc:2    | Found a staircase to the Elven Halls.
 18490 | Orc:2    | Found Laamiquh's Firing Range.
 18490 | Orc:2    | Noticed Donald
 18491 | Orc:2    | Noticed Snorg
 18504 | Orc:2    | HP: 4/120 [Snorg (17)]
 18505 | Orc:2    | Mangled by Snorg

Illustrated notes

Levels and vault maps discovered:
D:1:      dpeg_arrival_leaves_temple_mockup, layout_basic,
          hangedman_decor_points, hex_intersection
D:2:      layout_loops_ring
D:3:      layout_basic, shapermc_ecumenical_altar_mp_ritualfount,
          minmay_rat_hole, uniq_robin
D:4:      layout_basic, overflow_temple_1_default, temple_doors_e,
          grunt_decor_cap
D:5:      layout_gridville, mainiacjoe_overflow_swirl, serial_shops,
          nicolae_shop_hallway_plus, uniq_sigmund, uniq_ijyb
D:6:      layout_cave_pools, grunt_ministairs_5
D:7:      layout_basic, kb_lookout_dungeons_type, uniq_maggie
D:8:      layout_cave_pools, kennysheep_small_spiral
D:9:      layout_loops_cross, lair_entry_dummy, nicolae_wooded_promenade
D:10:     layout_basic, zombieorc2_lemuel, hive_lemuel, uniq_erolcha
D:11:     layout_rooms, nicolae_trove_entry_path_of_doom
D:12:     layout_loops_ring, uniq_kirke
D:13:     layout_rooms, nicolae_two_hexagons
D:14:     layout_basic, erik_vaults_1, fedhas_altar_3,
          gammafunk_ghost_berserking_beasts
D:15:     grunt_enter_depths_hoard, layout_cave_pods, serial_rivers,
          chequers_serial_rivers_micro_e, chequers_serial_rivers_micro_d,
          chequers_serial_rivers_room_b, chequers_serial_rivers_small_a,
          chequers_serial_rivers_micro_a, serial_bayou_pond_e,
          nicolae_shop_clearance, uniq_jorgrun
Lair:1:   layout_regular_city, uniq_joseph
Lair:2:   layout_chaotic_city, palyth_hydra_swamp_entry, lemuel_fruit_fields
Lair:3:   layout_cave_pods, minmay_snake_entry_guardpost_small,
          gammafunk_ghost_arena, nicolae_quartered_pool_super
Lair:4:   layout_cave_pods, ebering_ghost_rock_garden, beast_lair_carwin_11,
          serial_bayou_shore_b, serial_bayou_shore_a, infiniplex_staircase_pool,
          uniq_urug
Lair:5:   gammafunk_lair_ancient_temple, layout_hall_layers, slime_entry_1
Orc:1:    layout_caves, serial_shops, shop, portal_ice_cave_rime,
          hangedman_minor_magic
Orc:2:    grunt_orc_community_town_hall, layout_caves,
          grunt_orc_community_big_house_1, grunt_orc_community_big_house_2,
          grunt_orc_community_house_3, grunt_orc_community_house_1,
          grunt_orc_community_house_3, grunt_orc_community_house_2,
          grunt_orc_community_house_1, nicolae_shop_firing_range, uniq_snorg,
          uniq_donald

Skill      XL: |  1  2  3  4  5  6  7  8  9 10 11 12 13 14 15 |
---------------+----------------------------------------------+-----
Ranged Weapons | 5 6 7 8 9 10 11 12 13 14 15 | 15.1
Dodging        | 2 3 5 6 8 9 10 11 12 | 12.2
Stealth        | 3 5 7 9 11 12 14 15 16 | 16.7
Fighting       | 3 4 6 8 9 11 12 13 14 | 14.3
Shields        | 1 6 9 |  9.7

Action                   |  1- 3 |  4- 6 |  7- 9 | 10-12 | 13-15 | 16-18 || total
-------------------------+-------+-------+-------+-------+-------+-------++-------
Melee: Unarmed           |       |       |       |     8 |       |       ||     8
 Fire: Shortbow          |    54 |    97 |   250 |   233 |       |       ||   634
       Sling             |       |       |       |   280 |  1021 |   200 ||  1501
Invok: Call Merchant     |       |       |       |       |     3 |     1 ||     4
  Use: Scroll            |     1 |    12 |     5 |     3 |    15 |     1 ||    37
       Potion            |       |       |     3 |     2 |     1 |     1 ||     7
Armor: Leather armour    |     3 |     7 |    10 |       |    33 |     4 ||    57
       Steam dragon scal |       |       |     6 |    31 |    23 |       ||    60
Dodge: Dodged            |     4 |    13 |    70 |   138 |   271 |    23 ||   519
Block: Buckler           |       |       |       |       |    79 |       ||    79
       Tower shield      |       |       |       |       |       |    30 ||    30

Table legend: (Time is in decaauts)
 A = Elapsed time spent in this place.
 B = Non-inter-level travel time spent in this place.
 C = Inter-level travel time spent in this place.
 D = Time resting spent in this place.
 E = Time spent auto-exploring this place.
 F = Levels seen in this place.
 G = Mean time per level.
                   A        B        C        D        E       F      G
               +--------+--------+--------+--------+--------+-----+--------+
         Total |  18308 |  17295 |   1013 |    620 |  13142 |  23 |  796.0 |
       Dungeon |  11289 |  10559 |    730 |    484 |   8163 |  15 |  752.6 |
          Lair |   5556 |   5290 |    266 |    136 |   4125 |   5 | 1111.2 |
  Orcish Mines |    895 |    878 |     17 |      0 |    504 |   2 |  447.5 |
      Ice Cave |    567 |    567 |      0 |      0 |    350 |   1 |  567.0 |
               +--------+--------+--------+--------+--------+-----+--------+

Top non-repeatable levels by time:
  Lair:4: 1585 daAuts
  Lair:5: 1360 daAuts
     D:3: 1108 daAuts
  Lair:3: 1084 daAuts
     D:7: 971 daAuts
    D:15: 951 daAuts
    D:10: 928 daAuts
  Lair:2: 882 daAuts
     D:5: 869 daAuts
     D:9: 856 daAuts
    D:13: 770 daAuts
    D:12: 753 daAuts
    D:11: 740 daAuts
     D:8: 684 daAuts
   Orc:1: 680 daAuts
